 Dungeon Crawl Stone Soup version 0.28-a0-834-g1a73be5ee4 (webtiles) character file.

Game seed: 791707930100761038

10486 Gargoyl the Fighter (level 11, -2/89 HPs)
             Began as a Gnoll Abyssal Knight on Nov 11, 2021.
             Was a Priest of Lugonu.
             Slain by a bullfrog (8 damage)
             ... on level 2 of the Lair of Beasts.
             The game lasted 00:15:31 (13002 turns).

Gargoyl the Fighter (Gnoll Abyssal Knight)         Turns: 13002, Time: 00:15:31

Health: -2/89      AC: 11    Str: 16    XL:     11   Next: 62%
Magic:  15/20      EV: 15    Int:  9    God:    Lugonu [***...]
Gold:   294        SH:  5    Dex: 13    Spells: 22/22 levels left

rFire   + . .      SeeInvis .   i - +2 hand axe (distort)
rCold   . . .      Faith    .   j - +0 buckler
rNeg    + . .      Spirit   .   m - +0 steam dragon scales
rPois   .          Reflect  .   (no helmet)
rElec   .          Harm     +   e - +0 cloak of Guyz {Harm rF+}
rCorr   .          Rampage  .   g - +0 pair of gloves
Will    .....                   c - +1 pair of boots
Stlth   +++.......              (no amulet)
HPRegen 0.24/turn               b - ring of positive energy
MPRegen 0.17/turn               (no ring)

@: studying Bows
A: fangs 1, strong nose, distributed training
a: Renounce Religion, Depart the Abyss, Bend Space, Banish


You were on level 2 of the Lair of Beasts.
You worshipped Lugonu.
Lugonu was most pleased with you.
You visited 2 branches of the dungeon, and saw 11 of its levels.
You visited the Abyss 1 time.

You collected 582 gold pieces.
You spent 288 gold pieces at shops.

Inventory:

Hand Weapons
 a - a +1 hand axe
 i - a +2 hand axe of distortion (weapon)
Missiles
 k - 22 poisoned darts (quivered)
 l - 3 throwing nets
Armour
 c - a +1 pair of boots (worn)
 e - the +0 cloak of Guyz (worn) {Harm rF+}
   (You bought it in a shop on level 8 of the Dungeon)

   rF:        It protects you from fire.
   Harm:      It increases damage dealt and taken.
 g - a +0 pair of gloves (worn)
 j - a +0 buckler (worn)
 m - +0 steam dragon scales (worn)
Jewellery
 b - a ring of positive energy (left hand)
Wands
 n - a wand of polymorph (4)
 q - a wand of acid (11)
Scrolls
 d - 6 scrolls of teleportation
 p - 5 scrolls of identify
Potions
 f - a potion of degeneration {unknown}
 h - 2 potions of flight


   Skills:
 + Level 9.3 Fighting
 + Level 6.4 Short Blades
 + Level 6.4 Long Blades
 + Level 8.0 Axes
 + Level 6.4 Maces & Flails
 + Level 6.4 Polearms
 + Level 6.4 Staves
 + Level 6.4 Slings
 + Level 9.0 Bows
 + Level 6.4 Crossbows
 + Level 6.4 Throwing
 + Level 8.0 Armour
 + Level 7.0 Dodging
 + Level 6.4 Stealth
 + Level 6.4 Shields
 + Level 6.4 Unarmed Combat
 + Level 6.4 Spellcasting
 + Level 5.3 Conjurations
 + Level 5.3 Hexes
 + Level 5.3 Summonings
 + Level 5.3 Necromancy
 + Level 5.3 Translocations
 + Level 5.3 Transmutations
 + Level 5.3 Fire Magic
 + Level 5.3 Ice Magic
 + Level 5.3 Air Magic
 + Level 5.3 Earth Magic
 + Level 5.3 Poison Magic
 + Level 8.5 Invocations
 + Level 6.4 Evocations


You had 22 spell levels left.
You didn't know any spells.
Your spell library contained the following spells:

 Spells                   Type           Power      Damage    Failure   Level
 Summon Small Mammal      Summ           48%        N/A       2%          1
 Passwall                 Tmut/Erth      10%        N/A       3%          2
 Static Discharge         Conj/Air       12%        N/A       3%          2
 Call Canine Familiar     Summ           12%        N/A       7%          3
 Gell's Gravitas          Tloc           12%        N/A       7%          3
 Lesser Beckoning         Tloc           12%        N/A       7%          3
 Summon Guardian Golem    Hex/Summ       12%        N/A       7%          3
 Swiftness                Air            12%        N/A       7%          3
 Teleport Other           Tloc           12%        N/A       7%          3
 Lightning Bolt           Conj/Air       6%         1d18      54%         5
 Maxwell's Capacitive Co  Air            6%         ∞         100%        8


Dungeon Overview and Level Annotations

Branches:
Dungeon (9/15)             Temple (0/1) D:5            Lair (2/6) D:8
  Swamp: Lair:2-4    Shoals: Lair:2-4     Snake: Lair:2-4    Spider: Lair:2-4
    Orc: D:9-12

Altars:
Makhleb
Ru
Trog

Shops:
D:1 ?*   D:8 [

Annotations:
D:7 2 transporters, puimuR's ghost, novice HOMo
Abyss:1 Joseph


Innate Abilities, Weirdness & Mutations

You have very sharp teeth.
Your uncanny sense of smell can sniff out nearby items.
Your experience applies equally to all skills.


Message History

You hit the wolf. You hit the yak but do no damage.
The yak is devoured by a tear in reality.
Lugonu claims a new guest.
The wolf blinks!
You hear the rapid rumble of a distant avalanche of rocks.
The wolf bites you!
* * * LOW HITPOINT WARNING * * *
Your Bows skill increases to level 9!
You slash the wolf!
You kill the wolf!
Lugonu accepts your kill.
Unknown command.
You slash the yak!
The yak is moderately wounded.
You closely miss the wolf. The wolf misses you. The yak misses you.
You barely miss the yak.
The yak is moderately wounded.
You hit the wolf but do no damage.
The wolf blinks!
The yak gores you!
* * * LOW HITPOINT WARNING * * *
Unknown command.
You hit the yak but do no damage.
Space warps around the yak.
The yak is heavily wounded.
You barely miss the bullfrog.
The bullfrog hits you but does no damage.
You block the yak's attack.
Unknown command.
You hit the yak.
Space warps around the yak.
Your bite misses the yak.
The yak is almost dead.
You hit the bullfrog.
Space warps around the bullfrog.
The bullfrog barely misses you. You block the yak's attack.
The wolf bites you but does no damage. The bullfrog completely misses you.
Unknown command.
You slash the wolf!
You kill the wolf!
Lugonu accepts your kill.
You barely miss the bullfrog. You hit the yak.
You kill the yak!
Lugonu accepts your kill. The bullfrog hits you!
You die...

.... #...†........P#
.....# #............#
.#...#
##.........#..##
.##..#
#..............#
.#...#
##....§...##...#
.##..## #....§...#
... .##...#
##...###..# .#....#
#....###.F#
..#..####P..#.##@.# ∆
.##.......}..##$†..#
.##..........##P...#
..#....###....#......
......##
#..####...... .....##
#..# ...#...# ≈≈...#
##..# ...#.....
.....# #...##
...##.... ≈≈...#
#....#


You could see a bullfrog.

Vanquished Creatures
  A black mamba (Lair:1)
  2 cane toads (D:8)
  A komodo dragon (Lair:1)
  A blink frog (Lair:2)
  Prince Ribbit (D:5)
  5 yaks
  2 steam dragons (D:7)
  Eustachio (D:6)
  4 vampire mosquitoes (D:8)
  A warg (D:8)
  An acid dragon (D:8)
  4 water moccasins
  2 orc warriors (D:8)
  4 sky beasts
  A black bear (D:4)
  2 ogres (D:5)
  11 wolves
  2 centaurs (D:7)
  A phantom (D:3)
  A kobold brigand (D:8)
  4 bullfrogs
  2 scorpions
  5 wights (D:5)
  2 centaur zombies
  3 jellies
  2 hounds
  2 centaur skeletons (D:7)
  A scorpion zombie (D:5)
  3 iguanas
  An orc wizard (D:6)
  2 killer bee zombies
  A hound skeleton (D:4)
  A howler monkey zombie (D:6)
  9 adders
  4 gnolls
  2 shadow imps
  An ufetubus (D:6)
  3 worms
  3 dart slugs
  20 orcs
  7 ball pythons
  14 endoplasms
  3 giant cockroaches
  4 goblins
  9 hobgoblins
  5 jackals (D:3)
  16 kobolds
  4 quokkas
  5 bats
  6 frilled lizards
  5 rats
197 creatures vanquished.

Vanquished Creatures (collateral kills)
  A water moccasin (Lair:2)
  A frilled lizard (D:2)
2 creatures vanquished.

Vanquished Creatures (others)
  15 fungi
  9 plants
  5 toadstools (D:4)
29 creatures vanquished.

Grand Total: 228 creatures vanquished

Notes
Turn   | Place    | Note
-------+----------+-------------------------------------------
     0 | Abyss:1  | Gargoyl the Gnoll Abyssal Knight began the quest for the
                  | Orb.
     0 | Abyss:1  | Reached XP level 1. HP: 23/23 MP: 3/3
    78 | Abyss:1  | Noticed an orange demon
   106 | Abyss:1  | Noticed a flying skull
   109 | D:1      | Escaped the Abyss
   354 | D:1      | Reached XP level 2. HP: 27/29 MP: 5/5
   416 | D:1      | Found Ysykkycu's General Store.
   559 | D:1      | Reached * piety under Lugonu
   588 | D:1      | Reached XP level 3. HP: 26/35 MP: 6/6
  1221 | D:1      | Found Hedotoez's Magic Scroll Boutique.
  1228 | D:1      | Bought a scroll of teleportation for 30 gold pieces
  1228 | D:1      | Bought a scroll of teleportation for 30 gold pieces
  1613 | D:2      | Reached skill level 1 in Short Blades
  1613 | D:2      | Reached skill level 1 in Long Blades
  1613 | D:2      | Reached skill level 1 in Maces & Flails
  1613 | D:2      | Reached skill level 1 in Polearms
  1613 | D:2      | Reached skill level 1 in Staves
  1613 | D:2      | Reached skill level 1 in Slings
  1613 | D:2      | Reached skill level 1 in Bows
  1613 | D:2      | Reached skill level 1 in Crossbows
  1613 | D:2      | Reached skill level 1 in Throwing
  1613 | D:2      | Reached skill level 1 in Stealth
  1613 | D:2      | Reached skill level 1 in Shields
  1613 | D:2      | Reached skill level 1 in Unarmed Combat
  1613 | D:2      | Reached skill level 1 in Spellcasting
  1613 | D:2      | Reached skill level 1 in Evocations
  2055 | D:2      | Reached XP level 4. HP: 36/41 MP: 7/7
  2088 | D:2      | Found a faded altar of an unknown god.
  2466 | D:2      | Reached skill level 1 in Conjurations
  2466 | D:2      | Reached skill level 1 in Hexes
  2466 | D:2      | Reached skill level 1 in Summonings
  2466 | D:2      | Reached skill level 1 in Necromancy
  2466 | D:2      | Reached skill level 1 in Translocations
  2466 | D:2      | Reached skill level 1 in Transmutations
  2466 | D:2      | Reached skill level 1 in Fire Magic
  2466 | D:2      | Reached skill level 1 in Ice Magic
  2466 | D:2      | Reached skill level 1 in Air Magic
  2466 | D:2      | Reached skill level 1 in Earth Magic
  2466 | D:2      | Reached skill level 1 in Poison Magic
  3291 | D:3      | Reached XP level 5. HP: 47/47 MP: 8/8
  3923 | D:3      | Reached ** piety under Lugonu
  4080 | D:3      | Noticed a phantom
  4115 | D:3      | Killed a phantom
  4116 | D:3      | Reached skill level 5 in Invocations
  4116 | D:3      | Reached XP level 6. HP: 14/53 MP: 9/9
  4497 | D:4      | Noticed a black bear
  4745 | D:4      | You fall into a shaft and drop 2 floors!
  4745 | D:6      | Noticed a water moccasin
  4758 | D:6      | Killed a water moccasin
  4759 | D:6      | Reached skill level 5 in Axes
  4759 | D:6      | Reached skill level 5 in Armour
  4842 | D:6      | Reached XP level 7. HP: 20/59 MP: 10/10
  5276 | D:5      | Entered Level 5 of the Dungeon
  5276 | D:5      | Noticed Eustachio
  5276 | D:5      | Found a sacrificial altar of Ru.
  5333 | D:6      | Killed Eustachio
  6056 | D:5      | Noticed Prince Ribbit
  6073 | D:5      | Killed Prince Ribbit
  6074 | D:5      | Reached XP level 8. HP: 22/67 MP: 12/12
  6389 | D:5      | Reached *** piety under Lugonu
  6896 | D:4      | Found a burning altar of Makhleb.
  7397 | D:5      | Found a staircase to the Ecumenical Temple.
  7418 | D:5      | Reached skill level 5 in Bows
  7418 | D:5      | Reached XP level 9. HP: 62/73 MP: 14/14
  8246 | D:7      | Found a transporter.
  8254 | D:7      | Noticed a moth of wrath
  8254 | D:7      | Noticed puimuR's ghost (novice HOMo)
  8258 | D:7      | Found a bloodstained altar of Trog.
  8279 | D:7      | Found a transporter.
  8373 | D:7      | Reached skill level 5 in Dodging
  8511 | D:7      | Reached **** piety under Lugonu
  8825 | D:7      | Noticed Joseph
  8836 | D:7      | Banished Joseph
  9399 | D:7      | Reached XP level 10. HP: 77/80 MP: 17/17
  9673 | D:8      | Found Avauneq's Antique Armour Shoppe.
  9690 | D:8      | Reached skill level 5 in Short Blades
  9690 | D:8      | Reached skill level 5 in Long Blades
  9690 | D:8      | Reached skill level 5 in Maces & Flails
  9690 | D:8      | Reached skill level 5 in Polearms
  9690 | D:8      | Reached skill level 5 in Staves
  9690 | D:8      | Reached skill level 5 in Slings
  9690 | D:8      | Reached skill level 5 in Crossbows
  9690 | D:8      | Reached skill level 5 in Throwing
  9690 | D:8      | Reached skill level 5 in Stealth
  9690 | D:8      | Reached skill level 5 in Shields
  9690 | D:8      | Reached skill level 5 in Unarmed Combat
  9690 | D:8      | Reached skill level 5 in Spellcasting
  9690 | D:8      | Reached skill level 5 in Evocations
  9696 | D:8      | Bought a translucent cloak for 228 gold pieces
  9696 | D:8      | Identified the +0 cloak of Guyz {Harm rF+} (You bought it
                  | in a shop on level 8 of the Dungeon)
  9703 | D:8      | Found a staircase to the Lair.
  9714 | D:8      | Noticed a two-headed ogre
  9725 | D:8      | Banished a two-headed ogre
 10565 | Lair:1   | Entered Level 1 of the Lair of Beasts
 10565 | Lair:1   | Noticed a cane toad
 10579 | D:8      | Killed a cane toad
 10653 | Lair:1   | Noticed a cane toad
 10667 | D:8      | Killed a cane toad
 10901 | Lair:1   | Reached XP level 11. HP: 87/87 MP: 19/19
 11123 | Lair:1   | Reached ***** piety under Lugonu
 11125 | Lair:1   | Reached skill level 5 in Conjurations
 11125 | Lair:1   | Reached skill level 5 in Hexes
 11125 | Lair:1   | Reached skill level 5 in Summonings
 11125 | Lair:1   | Reached skill level 5 in Necromancy
 11125 | Lair:1   | Reached skill level 5 in Translocations
 11125 | Lair:1   | Reached skill level 5 in Transmutations
 11125 | Lair:1   | Reached skill level 5 in Fire Magic
 11125 | Lair:1   | Reached skill level 5 in Ice Magic
 11125 | Lair:1   | Reached skill level 5 in Air Magic
 11125 | Lair:1   | Reached skill level 5 in Earth Magic
 11125 | Lair:1   | Reached skill level 5 in Poison Magic
 11424 | Lair:1   | Noticed a four-headed hydra
 11427 | Lair:1   | Banished a four-headed hydra
 12619 | Lair:2   | HP: 2/89 [merfolk (25)]
 12976 | Lair:2   | Noticed a four-headed hydra
 12984 | Lair:2   | Banished a four-headed hydra
 13002 | Lair:2   | Slain by a bullfrog

Illustrated notes

Levels and vault maps discovered:
D:1:      dpeg_arrival_renting, layout_basic, serial_shops, shop,
          nicolae_shop_waterfront
D:2:      layout_loops_ring, chequers_ecumenical_altar_lobes
D:3:      layout_loops_corners, minmay_tree_intersection
D:4:      cheibrodos_fertilizer, layout_rooms, makhleb_blood_cavern_becter,
          cheibrodos_sewer_entry_bend
D:5:      layout_basic, mainiacjoe_overflow_tiny_flanked,
          minmay_temple_entry_tees, uniq_eustachio, uniq_prince_ribbit1
D:6:      layout_rooms, minmay_misc_feat_secret_circle, lemuel_flame_loot_1
D:7:      layout_rooms, gammafunk_ghost_wrathful_warriors, uniq_joseph
D:8:      layout_basic, erik_lair_orcish_takeover, serial_shops, shop
D:9:      layout_long_grid, laboratory
Lair:1:   layout_layer_cave, lemuel_fruit_fields
Lair:2:   layout_long_grid, elwin_shoals_entry_stream,
          lightli_volcano_entry_magma_tube, serial_rivers,
          chequers_serial_rivers_micro_d, chequers_serial_rivers_large_b,
          chequers_serial_rivers_micro_d, chequers_serial_rivers_marsh,
          beast_lair_carwin_9, uniq_erica

Skill      XL: |  1  2  3  4  5  6  7  8  9 10 11 |
---------------+----------------------------------+-----
Short Blades   | 1 2 3 4 5 6 |  6.4
Long Blades    | 1 2 3 4 5 6 |  6.4
Maces & Flails | 1 2 3 4 5 6 |  6.4
Polearms       | 1 2 3 4 5 6 |  6.4
Staves         | 1 2 3 4 5 6 |  6.4
Slings         | 1 2 3 4 5 6 |  6.4
Bows           | 1 2 3 5 6 8 9 |  9.0
Crossbows      | 1 2 3 4 5 6 |  6.4
Throwing       | 1 2 3 4 5 6 |  6.4
Stealth        | 1 2 3 4 5 6 |  6.4
Shields        | 1 2 3 4 5 6 |  6.4
Unarmed Combat | 1 2 3 4 5 6 |  6.4
Spellcasting   | 1 2 3 4 5 6 |  6.4
Evocations     | 1 2 3 4 5 6 |  6.4
Conjurations   | 1 2 3 4 5 |  5.3
Hexes          | 1 2 3 4 5 |  5.3
Summonings     | 1 2 3 4 5 |  5.3
Necromancy     | 1 2 3 4 5 |  5.3
Translocations | 1 2 3 4 5 |  5.3
Transmutations | 1 2 3 4 5 |  5.3
Fire Magic     | 1 2 3 4 5 |  5.3
Ice Magic      | 1 2 3 4 5 |  5.3
Air Magic      | 1 2 3 4 5 |  5.3
Earth Magic    | 1 2 3 4 5 |  5.3
Poison Magic   | 1 2 3 4 5 |  5.3
Dodging        | 3 4 5 6 7 |  7.0
Invocations    | 5 6 7 8 |  8.5
Axes           | 5 6 7 8 |  8.0
Armour         | 5 6 7 8 |  8.0
Fighting       | 7 8 9 |  9.3

Action                   |  1- 3 |  4- 6 |  7- 9 | 10-12 || total
-------------------------+-------+-------+-------+-------++-------
Melee: Hand axe          |   125 |   223 |   212 |   138 ||   698
       Bite              |     3 |    16 |    25 |    11 ||    55
       Punch             |       |     2 |       |       ||     2
       Short sword       |       |       |    66 |       ||    66
Throw: Dart              |       |       |       |     8 ||     8
Invok: Depart the Abyss  |     1 |       |       |       ||     1
       Banish            |       |       |     1 |     8 ||     9
       Bend Space        |       |       |       |     1 ||     1
  Use: Scroll            |     3 |     1 |     6 |     8 ||    18
       Potion            |       |     5 |       |     2 ||     7
 Stab: Sleeping          |       |     1 |     3 |       ||     4
Armor: Ring mail         |    61 |    92 |   141 |       ||   294
       Skin              |       |    11 |       |       ||    11
       Steam dragon scal |       |       |     2 |    60 ||    62
Dodge: Dodged            |    68 |   144 |   216 |   126 ||   554
Block: Buckler           |       |       |    28 |    47 ||    75

Table legend: (Time is in decaauts)
 A = Elapsed time spent in this place.
 B = Non-inter-level travel time spent in this place.
 C = Inter-level travel time spent in this place.
 D = Time resting spent in this place.
 E = Time spent auto-exploring this place.
 F = Levels seen in this place.
 G = Mean time per level.
                   A        B        C        D        E       F      G
               +--------+--------+--------+--------+--------+-----+--------+
         Total |  13018 |  12661 |    357 |   1755 |   8713 |  12 | 1084.8 |
       Dungeon |  10779 |  10438 |    341 |   1155 |   7342 |   9 | 1197.7 |
          Lair |   2129 |   2114 |     15 |    600 |   1295 |   2 | 1064.5 |
         Abyss |    109 |    109 |      0 |      0 |     76 |   1 |  109.0 |
               +--------+--------+--------+--------+--------+-----+--------+

Top non-repeatable levels by time:
     D:3: 1844 daAuts
  Lair:1: 1731 daAuts
     D:6: 1503 daAuts
     D:2: 1453 daAuts
     D:8: 1422 daAuts
     D:5: 1352 daAuts
     D:1: 1209 daAuts
     D:7: 1191 daAuts
     D:4: 788 daAuts
  Lair:2: 398 daAuts
 Abyss:1: 109 daAuts
     D:9: 13 daAuts
